 Dungeon Crawl Stone Soup version 0.23.1 (webtiles) character file.

Game seed: 615274338924854430

62 Norbitt the Chopper (level 3, 0/34 HPs)
             Began as a Minotaur Berserker on Mar 16, 2019.
             Was a Believer of Trog.
             Slain by Sigmund
             ... wielding a +0 scythe
              (12 damage)
             ... on level 2 of the Dungeon.
             The game lasted 00:01:55 (916 turns).

Norbitt the Chopper (Minotaur Berserker)             Turns: 916, Time: 00:01:55

Health: 0/34       AC:  6    Str: 21    XL:     3   Next: 85%
Magic:  2/2        EV: 12    Int:  5    God:    Trog [**....]
Gold:   80         SH:  0    Dex:  9    Spells: 2/2 levels left

rFire    . . .     SeeInvis .   a - +0 hand axe
rCold    . . .     Gourm    .   (no shield)
rNeg     . . .     Faith    .   b - +0 animal skin
rPois    .         Spirit   .   (helmet restricted)
rElec    .         Reflect  .   (no cloak)
rCorr    .         Harm     .   (no gloves)
MR       .....                  (no boots)
Stlth    ..........             (no amulet)
HPRegen  0.11/turn              n - ring of attention (curse)
MPRegen  0.08/turn              g - +4 ring of protection

@: berserk cooldown, slowed, very slow
A: retaliatory headbutt, horns 2
a: Berserk, Trog's Hand, Renounce Religion


You were on level 2 of the Dungeon.
You worshipped Trog.
Trog was pleased with you.
You were very hungry.

You visited 1 branch of the dungeon, and saw 2 of its levels.

You collected 80 gold pieces.

Inventory:

Hand Weapons
 a - a +0 hand axe (weapon)
Armour
 b - a +0 animal skin (worn)
Jewellery
 e - an uncursed ring of fire
 g - a +4 ring of protection (right hand)
 n - a cursed ring of attention (left hand)
Scrolls
 d - a scroll of enchant weapon {unknown}
 f - a scroll of blinking {unknown}
 h - a scroll of teleportation {unknown}
 j - a scroll of identify {unknown}
 l - a scroll of immolation {unknown}
Potions
 k - a potion of heal wounds {unknown}
 m - a potion of curing {unknown}
Comestibles
 c - 4 rations
 i - 6 chunks of flesh


   Skills:
 + Level 4.5 Fighting
 + Level 4.9 Axes
 + Level 2.6 Armour
 - Level 2.2 Dodging
 + Level 0.3 Stealth


You had 2 spell levels left.
You didn't know any spells.
Your spell library was empty.

Dungeon Overview and Level Annotations

Branches:
Dungeon (2/15)

Altars:

Annotations:
D:2 Sigmund


Innate Abilities, Weirdness & Mutations

You reflexively headbutt those who attack you in melee.
You have a pair of horns on your head.


Message History

Sigmund casts a spell.
Sigmund flickers and vanishes!
Deactivating autopickup; reactivate with Ctrl-A.
You bump into the rock wall.
Something barely misses you.
You feel a strong urge to attack something.
You bump into the rock wall.
You are no longer berserk.
You are exhausted.
You feel yourself slow down. Something hits you but does no damage.
You bump into the rock wall.
You are feeling very hungry.
A magic dart appears from out of thin air!
The magic dart hits you!
You feel less confused. Something hits you but does no damage.
You closely miss something. Your headbutt misses something. Something hits you.
Some of the chunks of flesh in your inventory have rotted away.
You hit something but do no damage. Something hits you but does no damage.
You miss something. Something hits you!
You die...

.#.# ##.#. #...
#..# # #..#
####.#####..#
...........>#
###....{@...#
#..#####..# #. #..#
#..#####..########
................#
.#######..#####.###
#######..# #.#.##
.........## #...(##
..........#
##.....##


There were no monsters in sight!

Vanquished Creatures
  An adder (D:2)
  3 oozes
  A worm (D:2)
  A leopard gecko (D:2)
  5 bats
  6 goblins
  3 hobgoblins
  4 jackals (D:1)
  3 frilled lizards
  5 kobolds
  4 rats
36 creatures vanquished.

Notes
Turn   | Place    | Note
-------+----------+-------------------------------------------
     0 | D:1      | Norbitt the Minotaur Berserker began the quest for the Orb.
     0 | D:1      | Reached XP level 1. HP: 19/19 MP: 0/0
   172 | D:1      | Reached XP level 2. HP: 27/27 MP: 1/1
   486 | D:1      | Reached ** piety under Trog
   541 | D:1      | Reached XP level 3. HP: 31/33 MP: 2/2
   901 | D:2      | Noticed Sigmund
   916 | D:2      | Slain by Sigmund

Skill      XL: |  1  2 |
---------------+-------+-----
Fighting       | 4 |  4.5
Axes           | 4 |  4.9
Armour         | |  2.6
Dodging        | |  2.2
Stealth        | |  0.3

Action                   || total
-------------------------++-------
Melee: Hand axe          ||    72
       Headbutt          ||    11
Invok: Berserk           ||     1
 Stab: Sleeping          ||     1
Armor: Animal skin       ||    17
Dodge: Dodged            ||    50
